 Dungeon Crawl Stone Soup version 0.31-a0-662-g684573625c (webtiles) character file.

Game seed: 4985561426358549885

98 javelincjr the Ducker (level 5, -9/35 HPs)
             Began as a Djinni Hedge Wizard on Aug 31, 2023.
             Killed by divine providence
             ... invoked by an orc priest
              (14 damage)
             ... on level 3 of the Dungeon.
             The game lasted 00:05:33 (2037 turns).

javelincjr the Ducker (Djinni Hedge Wizard)         Turns: 2037, Time: 00:05:34

Health: -9/35      AC:  2    Str:  9    XL:     5   Next: 0%
Gold:   160        EV: 13    Int: 18    God:
                   SH:  0    Dex: 18

rFire   + + .        a - +0 dagger
rCold   x . .        (no shield)
rNeg    . . .        b - +0 robe
rPois   ∞            c - +0 hat
rElec   .            (no cloak)
rCorr   .            (no gloves)
SInv    .            (boots unavailable)
Will    .....        (no amulet)
Stlth   ++           j - +6 ring of dexterity
HPRegen 0.25/turn    (no ring)
MPRegen 0.00/turn

%: infuse magic (-10 HP)
@: flying
A: sickness immunity, fire resistance 2, cold vulnerability 1, float, innate
caster, HP casting, extra vitality 1
a: no special abilities


You were on level 3 of the Dungeon.
You visited 1 branch of the dungeon, and saw 3 of its levels.

You collected 160 gold pieces.

Inventory:

Hand Weapons
 a - a +0 dagger (weapon)
Armour
 b - a +0 robe (worn)
 c - a +0 hat (worn)
Magical Staves
 k - a staff of fire
Jewellery
 j - a +6 ring of dexterity (left hand)
Scrolls
 d - a scroll of revelation {unknown}
 e - 4 scrolls of identify {unknown}
 i - a scroll of silence {unknown}
 m - 2 scrolls of poison {unknown}
Potions
 f - a potion of might {unknown}
 g - a potion of heal wounds {unknown}
 h - a potion of degeneration {unknown}
 l - a potion of resistance {unknown}


   Skills:
 + Level 3.5 Dodging
 + Level 2.7 Stealth
 + Level 3.3 Spellcasting
 + Level 3.3 Conjurations
 + Level 3.3 Hexes
 + Level 3.3 Summonings
 + Level 3.3 Necromancy
 + Level 3.3 Translocations
 + Level 3.3 Transmutations
 + Level 3.3 Fire Magic
 + Level 3.3 Ice Magic
 + Level 3.3 Air Magic
 + Level 3.3 Earth Magic
 + Level 3.3 Poison Magic


You knew the following spells:

 Your Spells              Type           Power      Damage    Failure   Level
a - Magic Dart            Conj           56%        1d5       4%          1
b - Slow                  Hex            56%        N/A       4%          1
c - Blink                 Tloc           28%        N/A       6%          2
d - Call Imp              Summ           28%        N/A       6%          2
e - Mephitic Cloud        Conj/Pois/Air  14%        N/A       12%         3
f - Kiss of Death         Conj/Necr      56%        2d9       4%          1
g - Static Discharge      Conj/Air       28%        2-4/arc   6%          2
Your spell library was empty.

Dungeon Overview and Level Annotations

Branches:
Dungeon (3/15)

Altars:


Innate Abilities, Weirdness & Mutations

You are immune to sickness and miasma.
You are immune to poison.
Your flesh is very heat resistant. (rF++)
You are vulnerable to cold. (rC-)
You float through the air rather than walking.
You learn spells naturally, not from books.
Your magical power is your life essence.
You have superior vitality. (+4 MHP)


Message History

The orc shouts!
You hear a shout!
The magic dart hits the orc.
The orc is almost dead.
The magic dart hits the orc.
You kill the orc!
The magic dart hits the orc.
The orc is moderately wounded.
An orc comes into view. It is wielding a +0 club.
The magic dart hits the orc.
The orc is heavily wounded.
An orc priest comes into view. It is wielding a +0 club.
The magic dart hits the orc.
The orc is severely wounded.
The orc priest shouts!
An orc priest opens the door.
The orc hits you with a +0 hand axe.
The magic dart hits the orc.
You kill the orc!
The magic dart hits the orc.
The orc is severely wounded.
The orc priest calls upon Beogh to heal the orc.
The orc's wounds heal themselves!
The magic dart hits the orc.
The orc is moderately wounded.
An orc comes into view. It is wielding a +0 club.
The magic dart hits the orc.
The orc is heavily wounded.
The magic dart hits the orc.
The orc is almost dead.
The orc hits you with a +0 club.
The magic dart hits the orc.
You kill the orc!
The orc priest mumbles some strange prayers to Beogh against you.
Beogh smites you!
* * * LOW HITPOINT WARNING * * *
You have reached level 5!
The power to cast Static Discharge wells up from within.
Spell assigned to 'g'.
The orc priest calls down the wrath of Beogh upon you.
Beogh smites you!
You die...

#...###### +........###
..........# #........#
#........# #........#
#......###
######.##############
#.....@........#
##o############.# #..#
#.# #o## #.#
..(o).).....#########.#
.'.###.###...........>#
#. ...#######.# #+
).#######.# .##....#.#


You could see an orc priest.

Vanquished Creatures
  A gnoll (D:2)
  An adder (D:2)
  3 orcs (D:3)
  7 ball pythons
  2 endoplasms
  7 giant cockroaches
  4 goblins
  6 hobgoblins
  8 kobolds
  2 quokkas (D:1)
  4 bats
  3 frilled lizards
  2 rats (D:1)
50 creatures vanquished.

Vanquished Creatures (collateral kills)
  2 gnolls (D:2)
  A dart slug (D:2)
  A goblin (D:2)
4 creatures vanquished.

Grand Total: 54 creatures vanquished

Notes
Turn   | Place    | Note
-------+----------+-------------------------------------------
     0 | D:1      | javelincjr the Djinni Hedge Wizard began the quest for the
                  | Orb.
     0 | D:1      | javelincjr set off with the following spells memorised:
                  | Magic Dart, Slow, Blink, Call Imp, Mephitic Cloud.
     0 | D:1      | Reached XP level 1. HP: 15/15 MP: 0/0
   144 | D:1      | Reached XP level 2. HP: 19/21 MP: 0/0
   369 | D:1      | Reached XP level 3. HP: 22/25 MP: 0/0
   369 | D:1      | Learned a level 1 spell: Kiss of Death
  1162 | D:2      | Reached XP level 4. HP: 24/31 MP: 0/0
  2031 | D:3      | Reached XP level 5. HP: 4/35 MP: 0/0
  2031 | D:3      | Learned a level 2 spell: Static Discharge
  2037 | D:3      | Killed from afar by an orc priest

Illustrated notes

Levels and vault maps discovered:
D:1:      mainiacjoe_arrival_reflecting_pool, layout_rooms, minivault_11,
          minivault_14
D:2:      layout_basic, minmay_misc_feat_doors, serial_bayou_lake_a
D:3:      layout_basic, old_standard_altar, lemuel_doored_altar,
          hellmonk_ecumenical_altar_crossroads, moated_statue

Skill      XL: |  1  2  3 |
---------------+----------+-----
Spellcasting   | 3 |  3.3
Conjurations   | 3 |  3.3
Hexes          | 3 |  3.3
Summonings     | 3 |  3.3
Necromancy     | 3 |  3.3
Translocations | 3 |  3.3
Transmutations | 3 |  3.3
Fire Magic     | 3 |  3.3
Ice Magic      | 3 |  3.3
Air Magic      | 3 |  3.3
Earth Magic    | 3 |  3.3
Poison Magic   | 3 |  3.3
Stealth        | 2 |  2.7
Dodging        | 3 |  3.5

Action                     |  1- 3 |  4- 6 || total
---------------------------+-------+-------++-------
  Melee: Dagger            |    10 |    10 ||    20
   Cast: Magic Dart        |    99 |    29 ||   128
         Call Imp          |     1 |     5 ||     6
         Blink             |       |     1 ||     1
   Stab: Sleeping          |     1 |       ||     1
 Armour: Robe              |    19 |     7 ||    26
  Dodge: Dodged            |    25 |     9 ||    34

Table legend: (Time is in decaauts)
 A = Elapsed time spent in this place.
 B = Non-inter-level travel time spent in this place.
 C = Inter-level travel time spent in this place.
 D = Time resting spent in this place.
 E = Time spent auto-exploring this place.
 F = Levels seen in this place.
 G = Mean time per level.
                   A        B        C        D        E       F      G
               +--------+--------+--------+--------+--------+-----+--------+
         Total |   2036 |   2008 |     28 |      5 |   1624 |   3 |  678.7 |
       Dungeon |   2036 |   2008 |     28 |      5 |   1624 |   3 |  678.7 |
               +--------+--------+--------+--------+--------+-----+--------+

Top non-repeatable levels by time:
     D:2: 981 daAuts
     D:1: 967 daAuts
     D:3: 87 daAuts
